 Dungeon Crawl Stone Soup version 0.19.4 (webtiles) character file.

319 Gargoyl the Skirmisher (level 6, -11/57 HPs)
             Began as a Ghoul Abyssal Knight on Feb 4, 2017.
             Was a Follower of Lugonu.
             Killed from afar by a wretched star (21 damage)
             ... with an orb of energy
             ... on level 3 of the Abyss.
             The game lasted 00:01:07 (152 turns).

Gargoyl the Skirmisher (Ghoul Abyssal Knight)        Turns: 152, Time: 00:01:07

Health: -11/57     AC:  6    Str: 16    XL:     6   Next: 46%
Magic:  7/7        EV:  9    Int:  7    God:    Lugonu [*.....]
Gold:   58         SH:  0    Dex: 10    Spells: 0 memorised, 5 levels left

rFire  . . .     SeeInvis .     a - +1 hand axe
rCold  + . .     Gourm    .     d - +0 scale mail
rNeg   + + +     Faith    .     (no shield)
rPois  ∞         Spirit   .     (no helmet)
rElec  .         Reflect  .     (no cloak)
rCorr  .         Harm     .     (no gloves)
MR     .....                    (no boots)
Stlth  ..........               (no amulet)
                                (no ring)
                                (no ring)

@: rotting
A: rotting body, claws 1, carnivore 3, cold resistance 1, negative energy
resistance 3, slow regeneration 1, torment resistance, unbreathing
a: Depart the Abyss, Renounce Religion


You were on level 3 of the Abyss.
You worshipped Lugonu.
Lugonu was aware of your devotion.
You were not hungry.

You visited 0 branches of the dungeon, and saw 0 of its levels.
You visited the Abyss 1 time.

You collected 58 gold pieces.

Inventory:

Hand Weapons
 a - a +1 hand axe (weapon)
Armour
 b - a +0 leather armour
 d - a +0 scale mail (worn)
Comestibles
 c - a meat ration


   Skills:
 + Level 6.1 Fighting
 + Level 2.9 Axes
 + Level 2.7 Armour
 + Level 1.2 Dodging
 + Level 2.8 Invocations


You had 5 spell levels left.
You didn't know any spells.

Dungeon Overview and Level Annotations

Branches:
Dungeon (0/15)

Altars:


Innate Abilities, Weirdness & Mutations

Your body is rotting away.
You thrive on raw meat.
You are immune to poison.
You have sharp fingernails.
You are carnivorous and can eat meat at any time.
Your flesh is cold resistant. (rC+)
You are immune to negative energy. (rN+++)
You regenerate slowly when monsters are visible.
You are immune to unholy pain and torment.
You can survive without breathing.


Message History

You hit the starcursed mass.
The starcursed mass is lightly damaged.
A starcursed mass splits.
You hit the starcursed mass.
The starcursed mass is lightly damaged.
The starcursed mass shudders and is absorbed by its neighbour.
You hit the starcursed mass but do no damage.
The starcursed mass is lightly damaged.
A starcursed mass splits.
You hit the starcursed mass but do no damage.
The starcursed mass is lightly damaged.
You hit the starcursed mass but do no damage.
The starcursed mass is lightly damaged.
The starcursed mass engulfs you but does no damage.
You hit the starcursed mass.
The starcursed mass is lightly damaged.
The starcursed mass shudders and is absorbed by its neighbour.
The wretched star glows turbulently.
The orb of energy hits you!
You die...

....... ..#..#
# #. .## #.#.
..#
.(#.###.##....#
.. ...# #.#..
#.# ##
#.##.#.## ..#
#...#*# # .# ##
##..## ##.#
#X##.### #
#@....#
####.#..# .# #
.# . . #.# .. #


You could see a starcursed mass and a wretched star.

Vanquished Creatures
  2 flying skulls (Abyss:2)
2 creatures vanquished.

Notes
Turn   | Place    | Note
-------+----------+-------------------------------------------
     0 | Abyss:1  | Gargoyl the Ghoul Abyssal Knight began the quest for the Orb.
     0 | Abyss:1  | Reached XP level 1. HP: 19/19 MP: 1/1
    19 | Abyss:1  | Found a corrupted altar of Lugonu.
    43 | Abyss:2  | Noticed a raiju
    90 | Abyss:2  | Noticed a flying skull
    92 | Abyss:2  | Noticed a flying skull
    92 | Abyss:2  | Noticed a flying skull
    97 | Abyss:2  | Killed a flying skull
    97 | Abyss:2  | Reached skill level 5 in Fighting
    97 | Abyss:2  | Reached skill level 1 in Dodging
    97 | Abyss:2  | Reached XP level 2. HP: 17/29 MP: 3/3
    97 | Abyss:2  | Reached XP level 3. HP: 22/36 MP: 4/4
    97 | Abyss:2  | Reached XP level 4. HP: 25/42 MP: 5/5
    97 | Abyss:2  | Reached XP level 5. HP: 29/48 MP: 6/6
    97 | Abyss:2  | Killed a flying skull
    97 | Abyss:2  | Reached skill level 6 in Fighting
    97 | Abyss:2  | Reached XP level 6. HP: 34/57 MP: 7/7
    98 | Abyss:2  | Noticed a flying skull
   105 | Abyss:2  | Noticed a flying skull
   119 | Abyss:2  | Noticed a thrashing horror
   141 | Abyss:3  | Noticed a starcursed mass
   150 | Abyss:3  | Noticed a wretched star
   152 | Abyss:3  | Killed from afar by a wretched star

Skill      XL: |  1  2  3  4  5 |
---------------+----------------+-----
Fighting       | 5 6 |  6.1
Axes           | 2 |  2.9
Armour         | 2 |  2.7
Dodging        | 1 |  1.2
Invocations    | |  2.8

Action                   |  1- 3 |  4- 6 || total
-------------------------+-------+-------++-------
Melee: Hand axe          |       |    10 ||    10
  Use: Scroll            |     2 |     1 ||     3
Armor: Scale mail        |       |     5 ||     5
Dodge: Dodged            |       |     3 ||     3
